Red Wings vs Oilers
(R1)
Created - January 17, 2021 at 19:59
Goals
|
Red Wings |
1 |
0 |
1 |
2 |
Oilers |
1 |
1 |
2 |
4 |
|
Shots
|
Red Wings |
9 |
5 |
14 |
28 |
Oilers |
5 |
11 |
16 |
32 |
|
1st period
1. Red Wings , David Krejci 8 (Ole-Kristian Tollefsen 16, Carson Mcmillan 9) at 5:08
2. Oilers , James Neal 11 (Connor McDavid 14, Pavel Buchnevich 9) at 14:41
Penalties :
Riley Sheahan (EDM) for High sticking (Minor) at 5:31, Kris Versteeg (Det) for Holding (Minor) at 19:03
2nd period
3. Oilers , Chris Kreider 16 (Adam Larsson 7, Phil Kessel 19) at 8:54
Penalties :
Darroll Powe (Det) for Tripping (Minor) at 10:01, Adam Larsson (EDM) for Holding Stick (Minor) at 14:01, Alex Picard (Det) for High sticking (Minor) at 18:49
3rd period
4. Oilers , Chris Kreider 17 (Connor McDavid 15, Tobias Enstrom 11) at 0:14 (PP)
5. Oilers , Taylor Hall 14 (Riley Sheahan 18) at 7:38
6. Red Wings , Connor Brown 15 (Evgeni Malkin 11, Philip Samuelsson 20) at 17:43
Penalties :
Michael Haley (Det) for Cross-checking (Minor) at 2:40, Jordan Caron (EDM) for Holding Stick (Minor) at 14:18, Teuvo Teravainen (EDM) for Hooking (Minor) at 17:29, Sean Bergenheim (Det) for High sticking (Double Minor) at 17:34
Goalie Stats
Robin Lehner (Det), 28 saves from 32 shots - (0.875), L, 12-17-5, 60:00 minutes
James Reimer (EDM), 26 saves from 28 shots - (0.929), W, 16-9-3, 60:00 minutes
Players Stats for Red Wings
Player Name G A P +/- PIM S H SB GA TA FO MP PP MP PK MP
------------------------------------------------------------------------------------
Alex Picard 0 0 0 1 2 2 1 1 0 0 0/1 12:25 0:00 2:25
Carson Mcmillan 0 1 1 1 0 1 3 1 0 1 0/1 14:46 0:06 5:10
Connor Brown 1 0 1 -1 0 1 2 0 1 0 1/1 16:59 2:37 0:00
Darroll Powe 0 0 0 -1 2 0 0 0 0 0 5/6 13:00 0:00 4:07
David Krejci 1 0 1 1 0 2 0 0 1 0 3/6 10:01 0:00 0:51
Evgeni Malkin 0 1 1 1 0 4 1 0 1 1 7/19 17:54 3:25 0:25
Jakub Kindl 0 0 0 -3 0 0 0 0 0 0 0/0 14:56 0:00 0:00
Jiri Fischer 0 0 0 0 0 2 0 0 0 0 0/0 14:42 2:07 0:11
Kris Versteeg 0 0 0 0 2 3 0 0 0 1 1/2 17:58 3:25 1:04
Marko Dano 0 0 0 0 0 0 2 0 0 0 0/0 14:40 2:37 0:00
Matt Greene 0 0 0 0 0 1 1 0 0 0 0/0 13:50 0:00 1:46
Michael Haley 0 0 0 -1 2 2 1 0 0 0 0/0 10:59 0:00 1:44
Mike Richards 0 0 0 -2 0 1 0 2 0 1 2/10 16:02 2:37 0:00
Ole-Kristian Tollefsen 0 1 1 2 0 3 1 2 1 2 0/0 28:36 3:55 5:56
Petr Pohl 0 0 0 -1 0 2 1 1 0 0 0/0 8:34 0:00 0:00
Philip Samuelsson 0 1 1 2 0 2 0 4 0 1 0/0 28:36 3:55 5:56
Ryan O'Byrne 0 0 0 -3 0 0 3 0 1 1 0/0 19:20 2:07 1:57
Sean Bergenheim 0 0 0 -2 4 2 1 2 1 0 1/2 16:50 3:18 0:00
Players Stats for Oilers
Player Name G A P +/- PIM S H SB GA TA FO MP PP MP PK MP
------------------------------------------------------------------------------------
Adam Larsson 0 1 1 0 2 0 2 0 0 1 0/0 21:01 0:27 1:41
Chris Kreider 2 0 2 1 0 5 2 0 0 1 0/2 16:44 4:33 0:49
Connor McDavid 0 2 2 0 0 1 0 0 1 1 3/8 16:25 4:47 0:47
Darnell Nurse 0 0 0 1 0 2 1 0 0 0 0/0 15:58 0:00 2:20
James Neal 1 0 1 0 0 1 1 0 0 0 1/1 12:42 0:04 1:51
Jordan Caron 0 0 0 0 2 0 1 0 0 0 0/0 8:43 0:04 0:00
Kellan Lain 0 0 0 0 0 1 2 0 0 0 0/1 12:53 0:04 3:32
Kevin Porter 0 0 0 0 0 3 0 0 1 0 1/1 9:49 0:00 1:26
Leon Draisaitl 0 0 0 1 0 1 0 1 0 0 2/3 14:36 3:02 0:00
Oscar Klefbom 0 0 0 1 0 2 3 1 2 0 0/0 17:12 4:05 0:58
Pavel Buchnevich 0 1 1 0 0 1 3 0 0 0 2/2 13:07 3:02 0:00
Phil Kessel 0 1 1 0 0 3 2 1 1 0 0/0 12:54 0:00 0:00
Riley Sheahan 0 1 1 0 2 3 4 0 0 2 17/26 17:29 0:00 2:13
Seth Jones 0 0 0 1 0 2 1 3 1 0 0/0 24:17 3:21 3:42
Shea Weber 0 0 0 -1 0 2 3 0 1 1 0/0 23:22 3:48 3:23
Taylor Hall 1 0 1 1 0 4 5 0 1 0 1/2 18:32 3:16 1:26
Teuvo Teravainen 0 0 0 1 2 0 2 0 0 0 1/2 18:06 4:47 0:00
Tobias Enstrom 0 1 1 0 0 1 1 4 0 0 0/0 18:10 4:05 0:00
3 Stars
1 - Chris Kreider (EDM)
2 - Taylor Hall (EDM)
3 - James Neal (EDM)
Power Play
Red Wings - 0 on 4 Attempt(s) - 0.00%
Oilers - 1 on 6 Attempt(s) - 16.67%
Penalty Kill
Red Wings - 5 on 6 Attempt(s) - 83.33%
- Score 0 goal in Penalty Kill
Oilers - 4 on 4 Attempt(s) - 100.00%
- Score 0 goal in Penalty Kill
Team Stat
Red Wings - Hits : 17 - Faceoff Wins : 20 - Blocked Shots : 13 - Penalty Minutes : 12
Oilers - Hits : 33 - Faceoff Wins : 28 - Blocked Shots : 10 - Penalty Minutes : 8
Official
Referees : Unknown
Linesman : Unknown
Game Notes
5:08 of 1st period - Red Wings goal is going for a video replay. After video review, Goal.
Finance
Level 1 -- Attendance: 4684 (78.07%) -- Ticket Income $515,240
Level 2 -- Attendance: 4084 (81.68%) -- Ticket Income $285,880
Level 3 -- Attendance: 1650 (82.50%) -- Ticket Income $75,900
Level 4 -- Attendance: 3234 (80.85%) -- Ticket Income $97,020
Luxury Box -- Attendance: 998 (99.80%) -- Ticket Income $179,640
Game was played at the Rogers Arena.
Total Attendance: 14650 (81.39%)
Total Ticket Income: $1,153,680
Other Income: $173,052
Total Income: $1,326,732
Red Wings
5 vs 5 Forward
Center Left Wing Right Wing Time % Phy DF OF
1 Mike Richards Sean Bergenheim Connor Brown 35 0 2 3
2 Evgeni Malkin Marko Dano Kris Versteeg 35 0 2 3
3 David Krejci Alex Picard Carson Mcmillan 20 0 3 2
4 Darroll Powe Michael Haley Petr Pohl 10 0 3 2
5 vs 5 Defense
Defense Defense Time % Phy DF OF
1 Philip Samuelsson Ole-Kristian Tollefsen 40 0 2 3
2 Jakub Kindl Ryan O'Byrne 30 0 3 2
3 Jiri Fischer Matt Greene 20 0 3 2
4 Philip Samuelsson Ole-Kristian Tollefsen 10 0 3 2
PowerPlay Forward
Center Left Wing Right Wing Time % Phy DF OF
1 Evgeni Malkin Sean Bergenheim Kris Versteeg 60 0 0 5
2 Mike Richards Marko Dano Connor Brown 40 0 0 5
PowerPlay Defense
Defense Defense Time % Phy DF OF
1 Philip Samuelsson Ole-Kristian Tollefsen 60 0 1 4
2 Jiri Fischer Ryan O'Byrne 40 0 2 3
Penalty Kill 4 Players Forward
Center Wing Time % Phy DF OF
1 Darroll Powe Carson Mcmillan 60 1 2 2
2 Kris Versteeg Michael Haley 40 1 2 2
Penalty Kill 4 Players Defense
Defense Defense Time % Phy DF OF
1 Philip Samuelsson Ole-Kristian Tollefsen 60 0 5 0
2 Matt Greene Ryan O'Byrne 40 1 4 0
Penalty Kill - 3 Players Forward
Forward Time % Phy DF OF
1 Carson Mcmillan 60 1 2 2
2 Evgeni Malkin 40 1 2 2
Penalty Kill - 3 Players Defense
Defense Defense Time % Phy DF OF
1 Philip Samuelsson Ole-Kristian Tollefsen 60 1 2 2
2 Matt Greene Ryan O'Byrne 40 1 2 2
4 vs 4 Forward
Center Wing Time % Phy DF OF
1 Evgeni Malkin Connor Brown 60 0 2 3
2 Mike Richards Kris Versteeg 40 0 2 3
4 vs 4 Defense
Defense Defense Time % Phy DF OF
1 Philip Samuelsson Ole-Kristian Tollefsen 60 0 2 3
2 Jiri Fischer Ryan O'Byrne 40 0 3 2
Last Minutes Offensive
Center Left Wing Right Wing Defense Defense
Evgeni Malkin Sean Bergenheim Kris Versteeg Philip Samuelsson Ole-Kristian Tollefsen
Last Minutes Defensive
Center Left Wing Right Wing Defense Defense
Evgeni Malkin Sean Bergenheim Carson Mcmillan Philip Samuelsson Ole-Kristian Tollefsen
Goaltenders
Starting : Robin Lehner
Backup : Josh Harding
Extra Forwards
Normal : Evgeni Malkin, Sean Bergenheim, Alex Picard - PP : Carson Mcmillan, Petr Pohl - PK : Alex Picard
Extra Defensemen
Normal : Jiri Fischer, Jakub Kindl, Matt Greene - PP : Jiri Fischer - PK : Jakub Kindl, Jiri Fischer
Penalty Shots
Evgeni Malkin, Kris Versteeg, Mike Richards, Marko Dano, Carson Mcmillan
Scratches
Chuck Kobasew (Healthy), Lasse Kukkonen (Healthy)
Oilers
5 vs 5 Forward
Center Left Wing Right Wing Time % Phy DF OF
1 Riley Sheahan Taylor Hall Teuvo Teravainen 40 1 2 2
2 Leon Draisaitl Chris Kreider Phil Kessel 30 1 2 2
3 Connor McDavid James Neal Pavel Buchnevich 20 1 2 2
4 Kevin Porter Kellan Lain Jordan Caron 10 1 2 2
5 vs 5 Defense
Defense Defense Time % Phy DF OF
1 Seth Jones Adam Larsson 40 1 2 2
2 Darnell Nurse Shea Weber 30 1 2 2
3 Tobias Enstrom Oscar Klefbom 20 1 2 2
4 Shea Weber Tobias Enstrom 10 1 2 2
PowerPlay Forward
Center Left Wing Right Wing Time % Phy DF OF
1 Connor McDavid Chris Kreider Teuvo Teravainen 60 0 2 3
2 Leon Draisaitl Taylor Hall Pavel Buchnevich 40 0 2 3
PowerPlay Defense
Defense Defense Time % Phy DF OF
1 Oscar Klefbom Tobias Enstrom 60 0 2 3
2 Seth Jones Shea Weber 40 0 2 3
Penalty Kill 4 Players Forward
Center Wing Time % Phy DF OF
1 Riley Sheahan Kellan Lain 60 0 3 2
2 Kevin Porter Taylor Hall 40 0 3 2
Penalty Kill 4 Players Defense
Defense Defense Time % Phy DF OF
1 Seth Jones Shea Weber 60 0 3 2
2 Darnell Nurse Adam Larsson 40 0 3 2
Penalty Kill - 3 Players Forward
Forward Time % Phy DF OF
1 Kevin Porter 60 0 3 2
2 Taylor Hall 40 0 3 2
Penalty Kill - 3 Players Defense
Defense Defense Time % Phy DF OF
1 Tobias Enstrom Shea Weber 60 0 3 2
2 Adam Larsson Darnell Nurse 40 0 3 2
4 vs 4 Forward
Center Wing Time % Phy DF OF
1 Riley Sheahan Phil Kessel 60 1 2 2
2 Connor McDavid Taylor Hall 40 1 2 2
4 vs 4 Defense
Defense Defense Time % Phy DF OF
1 Adam Larsson Shea Weber 60 1 2 2
2 Seth Jones Tobias Enstrom 40 1 2 2
Last Minutes Offensive
Center Left Wing Right Wing Defense Defense
Connor McDavid Taylor Hall Phil Kessel Seth Jones Shea Weber
Last Minutes Defensive
Center Left Wing Right Wing Defense Defense
Riley Sheahan Taylor Hall Phil Kessel Adam Larsson Shea Weber
Goaltenders
Starting : James Reimer
Backup : Jonas Gustavsson
Extra Forwards
Normal : Kellan Lain, James Neal, Teuvo Teravainen - PP : Connor McDavid, James Neal - PK : James Neal
Extra Defensemen
Normal : Darnell Nurse, Oscar Klefbom, Seth Jones - PP : Darnell Nurse - PK : Oscar Klefbom, Seth Jones
Penalty Shots
Phil Kessel, Taylor Hall, Chris Kreider, Riley Sheahan, Kellan Lain
Scratches
Anthony Stewart (Healthy), Denis Grebeshkov (Healthy), Mike Smith (Healthy)
% Time on Ice - Red Wings
Lines # - Real PCT - Wanted PCT - Time Play
Normal Forward
1 - 31% - 35% - 13:52
2 - 28% - 35% - 12:35
3 - 21% - 20% - 9:10
4 - 19% - 10% - 8:34
Normal Defense
1 - 39% - 40% - 17:07
2 - 35% - 30% - 15:37
3 - 24% - 20% - 10:49
4 - 1% - 10% - 0:38
PP Forward
1 - 57% - 60% - 3:25
2 - 43% - 40% - 2:37
PP Defense
1 - 65% - 60% - 3:55
2 - 35% - 40% - 2:07
PK Forward
1 - 81% - 60% - 6:21
2 - 19% - 40% - 1:32
PK Defense
1 - 75% - 60% - 5:56
2 - 25% - 40% - 1:57
PK3 Forward
1 - 0% - 60%
2 - 0% - 40%
PK3 Defense
1 - 0% - 60%
2 - 0% - 40%
44 Forward
1 - 79% - 60% - 1:30
2 - 21% - 40% - 0:24
44 Defense
1 - 53% - 60% - 1:00
2 - 47% - 40% - 0:54
Last Minute Offensive - 0:00
Last Minute Defensive - 0:00
Total
Forward - 60:00
Defense - 60:00
|
% Time on Ice - Oilers
Lines # - Real PCT - Wanted PCT - Time Play
Normal Forward
1 - 32% - 40% - 14:09
2 - 26% - 30% - 11:38
3 - 23% - 20% - 10:05
4 - 19% - 10% - 8:19
Normal Defense
1 - 40% - 40% - 17:30
2 - 29% - 30% - 13:00
3 - 26% - 20% - 11:34
4 - 5% - 10% - 2:07
PP Forward
1 - 59% - 60% - 4:37
2 - 41% - 40% - 3:16
PP Defense
1 - 58% - 60% - 4:32
2 - 42% - 40% - 3:21
PK Forward
1 - 76% - 60% - 4:36
2 - 24% - 40% - 1:26
PK Defense
1 - 61% - 60% - 3:42
2 - 39% - 40% - 2:20
PK3 Forward
1 - 0% - 60%
2 - 0% - 40%
PK3 Defense
1 - 0% - 60%
2 - 0% - 40%
44 Forward
1 - 77% - 60% - 1:28
2 - 23% - 40% - 0:26
44 Defense
1 - 80% - 60% - 1:31
2 - 20% - 40% - 0:23
Last Minute Offensive - 0:00
Last Minute Defensive - 0:00
Total
Forward - 60:00
Defense - 60:00
|
Play-by-Play
1st period
0:01 of 1st period - Mike Richards wins face-off versus Riley Sheahan in neutral zone.
0:38 of 1st period - Icing by Sean Bergenheim.
0:39 of 1st period - Leon Draisaitl wins face-off versus Mike Richards in Red Wings zone.
0:54 of 1st period - Slapshot by Phil Kessel.
0:54 of 1st period - Shot Misses the Net.
1:06 of 1st period - Ole-Kristian Tollefsen is hit by Taylor Hall and loses puck.
1:13 of 1st period - Ryan O'Byrne is hit by Tobias Enstrom and loses puck.
1:30 of 1st period - Slapshot by Sean Bergenheim.
1:30 of 1st period - Stopped by James Reimer with a rebound.
1:32 of 1st period - Backhand shot by Jiri Fischer.
1:32 of 1st period - Stopped by James Reimer without a rebound.
1:33 of 1st period - Kevin Porter wins face-off versus Evgeni Malkin in Oilers zone.
1:33 of 1st period - Kevin Porter is hit by Marko Dano.
2:25 of 1st period - Slapshot by Michael Haley.
2:25 of 1st period - Stopped by James Reimer with a rebound.
2:27 of 1st period - Slapshot by Jiri Fischer.
2:27 of 1st period - Deflect By Petr Pohl.
2:27 of 1st period - Stopped by James Reimer with a rebound.
2:29 of 1st period - Snap shot by Petr Pohl.
2:29 of 1st period - Shot Hit the Post.
2:31 of 1st period - Snap shot by Jiri Fischer.
2:31 of 1st period - Deflect By Shea Weber.
2:31 of 1st period - Stopped by James Reimer with a rebound.
2:33 of 1st period - Snap shot by Darroll Powe.
2:33 of 1st period - Shot Misses the Net.
3:36 of 1st period - Icing by Chris Kreider.
3:37 of 1st period - David Krejci wins face-off versus Connor McDavid in Oilers zone.
3:48 of 1st period - Snap shot by Connor McDavid.
3:48 of 1st period - Shot Misses the Net.
3:50 of 1st period - Wrist shot by Connor McDavid.
3:50 of 1st period - Shot Blocked by Carson Mcmillan.
3:52 of 1st period - Slapshot by Connor McDavid.
3:52 of 1st period - Shot Misses the Net.
3:54 of 1st period - Slapshot by Tobias Enstrom.
3:54 of 1st period - Shot Blocked by Philip Samuelsson.
4:10 of 1st period - Snap shot by Evgeni Malkin.
4:10 of 1st period - Stopped by James Reimer without a rebound.
4:11 of 1st period - Riley Sheahan wins face-off versus Evgeni Malkin in Oilers zone.
4:11 of 1st period - Riley Sheahan is hit by Marko Dano.
4:25 of 1st period - Wrist shot by Taylor Hall.
4:25 of 1st period - Stopped by Robin Lehner with a rebound.
4:37 of 1st period - Sean Bergenheim is hit by Phil Kessel and loses puck.
5:02 of 1st period - Snap shot by David Krejci.
5:02 of 1st period - Shot Blocked by Tobias Enstrom.
5:04 of 1st period - Snap shot by Alex Picard.
5:04 of 1st period - Shot Misses the Net.
5:06 of 1st period - Wrist shot by Carson Mcmillan.
5:06 of 1st period - Stopped by James Reimer with a rebound.
5:08 of 1st period - Slapshot by Ole-Kristian Tollefsen.
5:08 of 1st period - Deflect By David Krejci.
5:08 of 1st period - Red Wings goal is going for a video replay.
5:08 of 1st period - The goal is good.
5:08 of 1st period - Goal by David Krejci - Red Wings : 1 - Oilers : 0.
5:09 of 1st period - Riley Sheahan wins face-off versus Evgeni Malkin in neutral zone.
5:12 of 1st period - Evgeni Malkin is hit by Riley Sheahan and loses puck.
5:31 of 1st period - Minor Penalty to Riley Sheahan for High sticking.
5:32 of 1st period - James Neal wins face-off versus Evgeni Malkin in Oilers zone.
5:48 of 1st period - Slapshot by Evgeni Malkin.
5:48 of 1st period - Shot Misses the Net.
7:19 of 1st period - Mike Richards is hit by Adam Larsson.
7:31 of 1st period - Penalty to Riley Sheahan is over, Riley Sheahan is back on ice.
7:39 of 1st period - Snap shot by Petr Pohl.
7:39 of 1st period - Shot Misses the Net.
8:27 of 1st period - Darroll Powe is hit by Riley Sheahan and loses puck.
8:42 of 1st period - Ryan O'Byrne is hit by James Neal and loses puck.
9:12 of 1st period - Evgeni Malkin is hit by Riley Sheahan and loses puck.
9:55 of 1st period - Slapshot by Shea Weber.
9:55 of 1st period - Shot Misses the Net.
10:05 of 1st period - Jiri Fischer is hit by Adam Larsson and loses puck.
11:16 of 1st period - Connor Brown is hit by Pavel Buchnevich and loses puck.
12:07 of 1st period - Icing by Tobias Enstrom.
12:08 of 1st period - David Krejci wins face-off versus Kellan Lain in Oilers zone.
12:35 of 1st period - Snap shot by Carson Mcmillan.
12:35 of 1st period - Deflect By Kevin Porter.
12:35 of 1st period - Shot Blocked by Tobias Enstrom.
12:35 of 1st period - Puck is out of play.
12:36 of 1st period - Riley Sheahan wins face-off versus David Krejci in Oilers zone.
12:36 of 1st period - Riley Sheahan is hit by Carson Mcmillan.
13:00 of 1st period - David Krejci is hit by Phil Kessel and loses puck.
13:09 of 1st period - Wrist shot by Alex Picard.
13:09 of 1st period - Stopped by James Reimer with a rebound.
13:34 of 1st period - Slapshot by David Krejci.
13:34 of 1st period - Shot Misses the Net.
13:47 of 1st period - Off-side.
13:48 of 1st period - Riley Sheahan wins face-off versus Evgeni Malkin in neutral zone.
13:53 of 1st period - Snap shot by Teuvo Teravainen.
13:53 of 1st period - Shot Misses the Net.
14:41 of 1st period - Snap shot by James Neal.
14:41 of 1st period - Goal by James Neal - Red Wings : 1 - Oilers : 1.
14:42 of 1st period - Riley Sheahan wins face-off versus Evgeni Malkin in neutral zone.
14:49 of 1st period - Evgeni Malkin is hit by Riley Sheahan and loses puck.
15:40 of 1st period - Snap shot by David Krejci.
15:40 of 1st period - Shot Misses the Net.
16:19 of 1st period - Wrist shot by Kris Versteeg.
16:19 of 1st period - Shot Misses the Net.
17:23 of 1st period - Wrist shot by Kellan Lain.
17:23 of 1st period - Shot Misses the Net.
17:25 of 1st period - Snap shot by Darnell Nurse.
17:25 of 1st period - Stopped by Robin Lehner without a rebound.
17:26 of 1st period - Riley Sheahan wins face-off versus Mike Richards in Red Wings zone.
17:52 of 1st period - Shea Weber is hit by Evgeni Malkin and loses puck.
18:17 of 1st period - Slapshot by Seth Jones.
18:17 of 1st period - Stopped by Robin Lehner without a rebound.
18:18 of 1st period - Pavel Buchnevich wins face-off versus Mike Richards in Red Wings zone.
18:44 of 1st period - Ryan O'Byrne is hit by Teuvo Teravainen and loses puck.
18:57 of 1st period - Slapshot by Riley Sheahan.
18:57 of 1st period - Stopped by Robin Lehner with a rebound.
19:03 of 1st period - Minor Penalty to Kris Versteeg for Holding.
19:04 of 1st period - Darroll Powe wins face-off versus Connor McDavid in Red Wings zone.
Goals for this period are 1 for Red Wings vs 1 for Oilers.
Shots for this period are 9 for Red Wings vs 5 for Oilers.
2nd period
0:01 of 2nd period - Connor McDavid wins face-off versus Carson Mcmillan in neutral zone.
0:04 of 2nd period - Philip Samuelsson is hit by Oscar Klefbom and loses puck.
0:27 of 2nd period - Philip Samuelsson is hit by Pavel Buchnevich and loses puck.
1:03 of 2nd period - Penalty to Kris Versteeg is over, Kris Versteeg is back on ice.
1:10 of 2nd period - Snap shot by Kevin Porter.
1:10 of 2nd period - Stopped by Robin Lehner with a rebound.
1:12 of 2nd period - Slapshot by Oscar Klefbom.
1:12 of 2nd period - Shot Misses the Net.
1:14 of 2nd period - Wrist shot by Kevin Porter.
1:14 of 2nd period - Shot Blocked by Ole-Kristian Tollefsen.
1:16 of 2nd period - Slapshot by Tobias Enstrom.
1:16 of 2nd period - Shot Misses the Net.
1:32 of 2nd period - Snap shot by Kris Versteeg.
1:32 of 2nd period - Stopped by James Reimer with a rebound.
1:34 of 2nd period - Slapshot by Michael Haley.
1:34 of 2nd period - Stopped by James Reimer without a rebound.
1:35 of 2nd period - Sean Bergenheim wins face-off versus Riley Sheahan in Oilers zone.
1:48 of 2nd period - Slapshot by Shea Weber.
1:48 of 2nd period - Stopped by Robin Lehner with a rebound.
2:14 of 2nd period - Marko Dano is hit by Darnell Nurse and loses puck.
2:37 of 2nd period - Jakub Kindl is hit by Kellan Lain and loses puck.
3:38 of 2nd period - Slapshot by Darroll Powe.
3:38 of 2nd period - Shot Blocked by Seth Jones.
3:48 of 2nd period - Ole-Kristian Tollefsen is hit by Kellan Lain and loses puck.
3:55 of 2nd period - Slapshot by Kevin Porter.
3:55 of 2nd period - Stopped by Robin Lehner without a rebound.
3:56 of 2nd period - David Krejci wins face-off versus Riley Sheahan in Red Wings zone.
3:58 of 2nd period - Icing by Ole-Kristian Tollefsen.
3:59 of 2nd period - Riley Sheahan wins face-off versus David Krejci in Red Wings zone.
4:00 of 2nd period - Wrist shot by Taylor Hall.
4:00 of 2nd period - Stopped by Robin Lehner with a rebound.
4:02 of 2nd period - Wrist shot by Teuvo Teravainen.
4:02 of 2nd period - Shot Misses the Net.
4:04 of 2nd period - Snap shot by Teuvo Teravainen.
4:04 of 2nd period - Shot Blocked by Alex Picard.
4:06 of 2nd period - Backhand shot by Darnell Nurse.
4:06 of 2nd period - Deflect By David Krejci.
4:06 of 2nd period - Stopped by Robin Lehner without a rebound.
4:07 of 2nd period - Mike Richards wins face-off versus Riley Sheahan in Red Wings zone.
4:12 of 2nd period - Taylor Hall is hit by Sean Bergenheim.
4:15 of 2nd period - Off-side.
4:16 of 2nd period - Riley Sheahan wins face-off versus Mike Richards in neutral zone.
4:27 of 2nd period - Wrist shot by Taylor Hall.
4:27 of 2nd period - Stopped by Robin Lehner with a rebound.
5:01 of 2nd period - Snap shot by Taylor Hall.
5:01 of 2nd period - Shot Blocked by Mike Richards.
5:03 of 2nd period - Slapshot by Adam Larsson.
5:03 of 2nd period - Shot Blocked by Mike Richards.
5:23 of 2nd period - Snap shot by Taylor Hall.
5:23 of 2nd period - Shot Misses the Net.
5:33 of 2nd period - Snap shot by Taylor Hall.
5:33 of 2nd period - Deflect By Teuvo Teravainen.
5:33 of 2nd period - Shot Blocked by Sean Bergenheim.
5:33 of 2nd period - Puck is out of play.
5:34 of 2nd period - Leon Draisaitl wins face-off versus Evgeni Malkin in Red Wings zone.
5:37 of 2nd period - Snap shot by Phil Kessel.
5:37 of 2nd period - Stopped by Robin Lehner with a rebound.
6:01 of 2nd period - Phil Kessel is hit by Michael Haley and loses puck.
8:03 of 2nd period - Wrist shot by Kris Versteeg.
8:03 of 2nd period - Shot Misses the Net.
8:21 of 2nd period - Taylor Hall is hit by Carson Mcmillan and loses puck.
8:38 of 2nd period - Connor Brown is hit by Jordan Caron and loses puck.
8:46 of 2nd period - Icing by Jakub Kindl.
8:47 of 2nd period - Pavel Buchnevich wins face-off versus Mike Richards in Red Wings zone.
8:52 of 2nd period - Snap shot by Phil Kessel.
8:52 of 2nd period - Shot Blocked by Sean Bergenheim.
8:54 of 2nd period - Slapshot by Adam Larsson.
8:54 of 2nd period - Deflect By Chris Kreider.
8:54 of 2nd period - Goal by Chris Kreider - Red Wings : 1 - Oilers : 2.
8:55 of 2nd period - Taylor Hall wins face-off versus Evgeni Malkin in neutral zone.
9:29 of 2nd period - Snap shot by Connor Brown.
9:29 of 2nd period - Shot Blocked by Leon Draisaitl.
9:31 of 2nd period - Wrist shot by Mike Richards.
9:31 of 2nd period - Stopped by James Reimer with a rebound.
9:53 of 2nd period - Slapshot by James Neal.
9:53 of 2nd period - Shot Misses the Net.
10:01 of 2nd period - Minor Penalty to Darroll Powe for Tripping.
10:02 of 2nd period - Connor McDavid wins face-off versus Alex Picard in Red Wings zone.
10:03 of 2nd period - Wrist shot by Chris Kreider.
10:03 of 2nd period - Stopped by Robin Lehner with a rebound.
10:05 of 2nd period - Slapshot by Tobias Enstrom.
10:05 of 2nd period - Stopped by Robin Lehner with a rebound.
10:29 of 2nd period - Philip Samuelsson is hit by Taylor Hall and loses puck.
10:54 of 2nd period - Wrist shot by David Krejci.
10:54 of 2nd period - Shot Misses the Net.
11:24 of 2nd period - Alex Picard is hit by Oscar Klefbom and loses puck.
11:31 of 2nd period - Oscar Klefbom is hit by Ryan O'Byrne and loses puck.
12:00 of 2nd period - Ole-Kristian Tollefsen is hit by Oscar Klefbom and loses puck.
12:01 of 2nd period - Penalty to Darroll Powe is over, Darroll Powe is back on ice.
12:14 of 2nd period - Jakub Kindl is hit by Shea Weber and loses puck.
12:31 of 2nd period - Adam Larsson is hit by Connor Brown and loses puck.
13:33 of 2nd period - Wrist shot by Petr Pohl.
13:33 of 2nd period - Shot Blocked by Tobias Enstrom.
14:01 of 2nd period - Minor Penalty to Adam Larsson for Holding Stick.
14:02 of 2nd period - Riley Sheahan wins face-off versus Evgeni Malkin in Oilers zone.
14:10 of 2nd period - Off-side.
14:11 of 2nd period - Riley Sheahan wins face-off versus Sean Bergenheim in neutral zone.
14:30 of 2nd period - Backhand shot by Kris Versteeg.
14:30 of 2nd period - Shot Misses the Net.
14:32 of 2nd period - Snap shot by Ole-Kristian Tollefsen.
14:32 of 2nd period - Stopped by James Reimer without a rebound.
14:33 of 2nd period - Riley Sheahan wins face-off versus Mike Richards in Oilers zone.
14:33 of 2nd period - Riley Sheahan is hit by Connor Brown.
16:01 of 2nd period - Penalty to Adam Larsson is over, Adam Larsson is back on ice.
16:33 of 2nd period - Slapshot by Ole-Kristian Tollefsen.
16:33 of 2nd period - Deflect By David Krejci.
16:33 of 2nd period - Shot Misses the Net.
16:33 of 2nd period - Puck is out of play.
16:34 of 2nd period - Riley Sheahan wins face-off versus David Krejci in Oilers zone.
18:02 of 2nd period - Sean Bergenheim is hit by Shea Weber and loses puck.
18:15 of 2nd period - Wrist shot by Leon Draisaitl.
18:15 of 2nd period - Stopped by Robin Lehner without a rebound.
18:16 of 2nd period - Evgeni Malkin wins face-off versus Taylor Hall in Red Wings zone.
18:16 of 2nd period - Evgeni Malkin is hit by Teuvo Teravainen.
18:49 of 2nd period - Minor Penalty to Alex Picard for High sticking.
18:50 of 2nd period - Darroll Powe wins face-off versus Connor McDavid in Red Wings zone.
18:50 of 2nd period - Darroll Powe is hit by Chris Kreider.
19:19 of 2nd period - Leon Draisaitl is hit by Ole-Kristian Tollefsen and loses puck.
19:28 of 2nd period - Slapshot by Ole-Kristian Tollefsen.
19:28 of 2nd period - Stopped by James Reimer with a rebound.
19:52 of 2nd period - Carson Mcmillan is hit by Taylor Hall and loses puck.
Goals for this period are 0 for Red Wings vs 1 for Oilers.
Shots for this period are 5 for Red Wings vs 11 for Oilers.
3rd period
0:01 of 3rd period - Darroll Powe wins face-off versus Chris Kreider in neutral zone.
0:14 of 3rd period - Wrist shot by Chris Kreider.
0:14 of 3rd period - Goal by Chris Kreider - Red Wings : 1 - Oilers : 3.
0:15 of 3rd period - Evgeni Malkin wins face-off versus Riley Sheahan in neutral zone.
0:42 of 3rd period - Riley Sheahan is hit by Carson Mcmillan and loses puck.
0:51 of 3rd period - Snap shot by Alex Picard.
0:51 of 3rd period - Shot Misses the Net.
0:53 of 3rd period - Snap shot by David Krejci.
0:53 of 3rd period - Stopped by James Reimer with a rebound.
0:55 of 3rd period - Snap shot by Matt Greene.
0:55 of 3rd period - Stopped by James Reimer without a rebound.
0:56 of 3rd period - Evgeni Malkin wins face-off versus Leon Draisaitl in Oilers zone.
0:59 of 3rd period - Snap shot by Kris Versteeg.
0:59 of 3rd period - Shot Misses the Net.
1:29 of 3rd period - Wrist shot by Connor Brown.
1:29 of 3rd period - Shot Misses the Net.
1:31 of 3rd period - Slapshot by Ole-Kristian Tollefsen.
1:31 of 3rd period - Shot Blocked by Seth Jones.
1:33 of 3rd period - Slapshot by Sean Bergenheim.
1:33 of 3rd period - Shot Misses the Net.
1:55 of 3rd period - Wrist shot by Kevin Porter.
1:55 of 3rd period - Stopped by Robin Lehner with a rebound.
2:13 of 3rd period - Snap shot by Kris Versteeg.
2:13 of 3rd period - Stopped by James Reimer with a rebound.
2:23 of 3rd period - Ryan O'Byrne is hit by Shea Weber and loses puck.
2:40 of 3rd period - Minor Penalty to Michael Haley for Cross-checking.
2:41 of 3rd period - Darroll Powe wins face-off versus Connor McDavid in Red Wings zone.
2:51 of 3rd period - Off-side.
2:52 of 3rd period - Connor McDavid wins face-off versus Darroll Powe in neutral zone.
3:05 of 3rd period - Wrist shot by Connor McDavid.
3:05 of 3rd period - Shot Blocked by Philip Samuelsson.
3:07 of 3rd period - Snap shot by Connor McDavid.
3:07 of 3rd period - Stopped by Robin Lehner without a rebound.
3:08 of 3rd period - Darroll Powe wins face-off versus Connor McDavid in Red Wings zone.
4:40 of 3rd period - Penalty to Michael Haley is over, Michael Haley is back on ice.
5:22 of 3rd period - Backhand shot by Petr Pohl.
5:22 of 3rd period - Shot Blocked by Tobias Enstrom.
5:24 of 3rd period - Slapshot by Darroll Powe.
5:24 of 3rd period - Shot Blocked by Oscar Klefbom.
5:56 of 3rd period - Snap shot by Evgeni Malkin.
5:56 of 3rd period - Stopped by James Reimer with a rebound.
5:58 of 3rd period - Slapshot by Ole-Kristian Tollefsen.
5:58 of 3rd period - Deflect By Kris Versteeg.
5:58 of 3rd period - Shot Blocked by Phil Kessel.
5:58 of 3rd period - Puck is out of play.
5:59 of 3rd period - Kris Versteeg wins face-off versus Chris Kreider in Oilers zone.
7:10 of 3rd period - James Neal is hit by Matt Greene and loses puck.
7:36 of 3rd period - Slapshot by Adam Larsson.
7:36 of 3rd period - Deflect By Chris Kreider.
7:36 of 3rd period - Shot Blocked by Philip Samuelsson.
7:36 of 3rd period - Puck is out of play.
7:37 of 3rd period - Riley Sheahan wins face-off versus Mike Richards in Red Wings zone.
7:38 of 3rd period - Wrist shot by Taylor Hall.
7:38 of 3rd period - Goal by Taylor Hall - Red Wings : 1 - Oilers : 4.
7:39 of 3rd period - Evgeni Malkin wins face-off versus Teuvo Teravainen in neutral zone.
7:49 of 3rd period - Off-side.
7:50 of 3rd period - Teuvo Teravainen wins face-off versus Kris Versteeg in neutral zone.
8:01 of 3rd period - Wrist shot by Taylor Hall.
8:01 of 3rd period - Shot Misses the Net.
9:05 of 3rd period - Wrist shot by Kellan Lain.
9:05 of 3rd period - Stopped by Robin Lehner with a rebound.
9:07 of 3rd period - Slapshot by Kevin Porter.
9:07 of 3rd period - Shot Blocked by Petr Pohl.
9:49 of 3rd period - Slapshot by Chris Kreider.
9:49 of 3rd period - Stopped by Robin Lehner with a rebound.
10:35 of 3rd period - Snap shot by David Krejci.
10:35 of 3rd period - Shot Misses the Net.
10:47 of 3rd period - Jakub Kindl is hit by Taylor Hall and loses puck.
11:17 of 3rd period - Snap shot by Phil Kessel.
11:17 of 3rd period - Stopped by Robin Lehner with a rebound.
11:38 of 3rd period - Snap shot by Evgeni Malkin.
11:38 of 3rd period - Deflect By Kris Versteeg.
11:38 of 3rd period - Stopped by James Reimer with a rebound.
11:40 of 3rd period - Snap shot by Kris Versteeg.
11:40 of 3rd period - Shot Blocked by Seth Jones.
11:42 of 3rd period - Wrist shot by Evgeni Malkin.
11:42 of 3rd period - Shot Misses the Net.
11:52 of 3rd period - Taylor Hall is hit by Alex Picard and loses puck.
12:07 of 3rd period - Chris Kreider is hit by Petr Pohl and loses puck.
12:47 of 3rd period - Connor Brown is hit by Taylor Hall and loses puck.
13:03 of 3rd period - Connor Brown is hit by Chris Kreider and loses puck.
13:30 of 3rd period - Mike Richards is hit by Seth Jones and loses puck.
14:08 of 3rd period - Wrist shot by Petr Pohl.
14:08 of 3rd period - Stopped by James Reimer with a rebound.
14:10 of 3rd period - Snap shot by Michael Haley.
14:10 of 3rd period - Shot Misses the Net.
14:14 of 3rd period - Slapshot by Philip Samuelsson.
14:14 of 3rd period - Stopped by James Reimer with a rebound.
14:16 of 3rd period - Snap shot by Ole-Kristian Tollefsen.
14:16 of 3rd period - Stopped by James Reimer with a rebound.
14:18 of 3rd period - Minor Penalty to Jordan Caron for Holding Stick.
14:19 of 3rd period - Evgeni Malkin wins face-off versus Riley Sheahan in Oilers zone.
14:20 of 3rd period - Backhand shot by Philip Samuelsson.
14:20 of 3rd period - Stopped by James Reimer without a rebound.
14:21 of 3rd period - Evgeni Malkin wins face-off versus Riley Sheahan in Oilers zone.
14:28 of 3rd period - Backhand shot by Evgeni Malkin.
14:28 of 3rd period - Stopped by James Reimer with a rebound.
14:30 of 3rd period - Snap shot by Sean Bergenheim.
14:30 of 3rd period - Stopped by James Reimer with a rebound.
16:18 of 3rd period - Penalty to Jordan Caron is over, Jordan Caron is back on ice.
16:28 of 3rd period - Snap shot by Phil Kessel.
16:28 of 3rd period - Stopped by Robin Lehner with a rebound.
16:30 of 3rd period - Wrist shot by Chris Kreider.
16:30 of 3rd period - Stopped by Robin Lehner with a rebound.
16:32 of 3rd period - Wrist shot by Oscar Klefbom.
16:32 of 3rd period - Stopped by Robin Lehner with a rebound.
16:34 of 3rd period - Slapshot by Chris Kreider.
16:34 of 3rd period - Shot Blocked by Philip Samuelsson.
16:36 of 3rd period - Slapshot by Oscar Klefbom.
16:36 of 3rd period - Stopped by Robin Lehner with a rebound.
16:46 of 3rd period - Philip Samuelsson is hit by Pavel Buchnevich.
17:07 of 3rd period - Pavel Buchnevich is hit by Ryan O'Byrne and loses puck.
17:16 of 3rd period - Wrist shot by Petr Pohl.
17:16 of 3rd period - Deflect By Connor McDavid.
17:16 of 3rd period - Shot Misses the Net.
17:16 of 3rd period - Puck is out of play.
17:17 of 3rd period - Riley Sheahan wins face-off versus Mike Richards in Oilers zone.
17:27 of 3rd period - Wrist shot by Riley Sheahan.
17:27 of 3rd period - Stopped by Robin Lehner with a rebound.
17:29 of 3rd period - Wrist shot by Teuvo Teravainen.
17:29 of 3rd period - Deflect By Riley Sheahan.
17:29 of 3rd period - Stopped by Robin Lehner without a rebound.
17:29 of 3rd period - Minor Penalty to Teuvo Teravainen for Hooking.
17:30 of 3rd period - Riley Sheahan wins face-off versus Evgeni Malkin in Oilers zone.
17:34 of 3rd period - Double Minor Penalty to Sean Bergenheim for High sticking.
17:35 of 3rd period - Connor Brown wins face-off versus Riley Sheahan in Red Wings zone.
17:41 of 3rd period - Snap shot by Evgeni Malkin.
17:41 of 3rd period - Shot Misses the Net.
17:43 of 3rd period - Wrist shot by Evgeni Malkin.
17:43 of 3rd period - Deflect By Connor Brown.
17:43 of 3rd period - Goal by Connor Brown - Red Wings : 2 - Oilers : 4.
17:44 of 3rd period - Evgeni Malkin wins face-off versus Riley Sheahan in neutral zone.
17:51 of 3rd period - Snap shot by Connor Brown.
17:51 of 3rd period - Shot Misses the Net.
17:53 of 3rd period - Wrist shot by Evgeni Malkin.
17:53 of 3rd period - Deflect By Riley Sheahan.
17:53 of 3rd period - Stopped by James Reimer with a rebound.
17:55 of 3rd period - Snap shot by Connor Brown.
17:55 of 3rd period - Deflect By Evgeni Malkin.
17:55 of 3rd period - Shot Misses the Net.
17:55 of 3rd period - Puck is out of play.
17:56 of 3rd period - Riley Sheahan wins face-off versus Evgeni Malkin in Oilers zone.
18:49 of 3rd period - Snap shot by Seth Jones.
18:49 of 3rd period - Stopped by Robin Lehner with a rebound.
18:51 of 3rd period - Slapshot by Shea Weber.
18:51 of 3rd period - Stopped by Robin Lehner without a rebound.
18:52 of 3rd period - Riley Sheahan wins face-off versus Evgeni Malkin in Red Wings zone.
19:27 of 3rd period - Shea Weber is hit by Ryan O'Byrne and loses puck.
19:29 of 3rd period - Penalty to Teuvo Teravainen is over, Teuvo Teravainen is back on ice.
19:36 of 3rd period - Snap shot by Alex Picard.
19:36 of 3rd period - Stopped by James Reimer with a rebound.
19:48 of 3rd period - Snap shot by Pavel Buchnevich.
19:48 of 3rd period - Shot Blocked by Ole-Kristian Tollefsen.
19:50 of 3rd period - Snap shot by Pavel Buchnevich.
19:50 of 3rd period - Stopped by Robin Lehner with a rebound.
19:52 of 3rd period - Slapshot by Pavel Buchnevich.
19:52 of 3rd period - Shot Misses the Net.
Goals for this period are 1 for Red Wings vs 2 for Oilers.
Shots for this period are 14 for Red Wings vs 16 for Oilers.